 Dungeon Crawl Stone Soup version 0.26.1-11-gd32895ea62 (webtiles) character file.

Game seed: 11557027377948320480

32408 Almogavar the Eclecticist (level 13, -2/66 HPs)
             Began as a Deep Elf Conjurer on June 16, 2021.
             Was a High Priest of Sif Muna.
             Slain by a reaper
             ... wielding a +3 scythe of freezing
              (8 damage)
             ... in an ice cave.
             The game lasted 01:14:46 (23536 turns).

Almogavar the Eclecticist (Deep Elf Conjurer)      Turns: 23536, Time: 01:14:48

Health: -2/66      AC: 11    Str:  4    XL:     13   Next: 31%
Magic:  29/36      EV: 31    Int: 29    God:    Sif Muna [*****.]
Gold:   1086       SH:  0    Dex: 13    Spells: 33/47 levels left

rFire    . . .     SeeInvis .   l - +2 dagger (holy)
rCold    + . .     Faith    .   (no shield)
rNeg     + . .     Spirit   .   G - +0 robe {rC+}
rPois    .         Reflect  .   p - +0 helmet
rElec    .         Harm     .   y - +2 cloak
rCorr    .         Rampage  .   (no gloves)
Will     ++...                  B - +4 pair of boots of Vibraewo {+Inv rN+}
Stlth    +++.......             h - amulet of the acrobat
HPRegen  0.21/turn              g - ring of willpower
MPRegen  0.25/turn              O - ring of wizardry

@: acrobat
A: no striking features
a: Renounce Religion, Evoke Invisibility, Channel Magic, Forget Spell, Divine
Exegesis


You were in an ice cave.
You worshipped Sif Muna.
Sif Muna was extremely pleased with you.
You visited 3 branches of the dungeon, and saw 17 of its levels.
You also visited: Ice Cave.

You collected 1086 gold pieces.

Inventory:

Hand Weapons
 l - a +2 dagger of holy wrath (weapon)
Armour
 p - a +0 helmet (worn)
 u - a scarf of repulsion
 y - a +2 cloak (worn)
 B - the +4 pair of boots of Vibraewo (worn) {+Inv rN+}
   (You found it on level 9 of the Dungeon)

   It protects you from negative energy.
   It lets you turn invisible.
 C - a cursed +0 kite shield
 G - a +0 robe of cold resistance (worn)
 R - a +2 robe of the Archmagi
Jewellery
 g - a ring of willpower (left hand)
 h - an amulet of the acrobat (around neck)
 A - an uncursed ring of poison resistance
 I - a +4 ring of protection
 O - a ring of wizardry (right hand)
Wands
 z - a wand of polymorph (11)
 H - a wand of disintegration (14)
 N - a wand of acid (11)
 P - a wand of random effects (39)
Scrolls
 c - 5 scrolls of fear
 d - 4 scrolls of blinking
 f - 4 scrolls of fog
 n - 10 scrolls of teleportation
 r - 2 scrolls of enchant weapon
 t - 2 scrolls of enchant armour
 x - 5 scrolls of remove curse {unknown}
 D - a scroll of noise {unknown}
 J - 2 scrolls of amnesia {unknown}
 K - a scroll of brand weapon {unknown}
 M - 2 scrolls of magic mapping {unknown}
Potions
 a - 2 potions of invisibility
 b - a potion of magic
 e - 11 potions of curing
 i - 2 potions of flight
 j - 3 potions of resistance
 k - 5 potions of might
 m - 2 potions of heal wounds
 o - 6 potions of brilliance
 v - 2 potions of degeneration {unknown}
 w - 4 potions of haste {unknown}
 E - a potion of attraction {unknown}
 F - 2 potions of lignification {unknown}
Miscellaneous
 L - a phantom mirror


   Skills:
 + Level 1.8 Fighting
 + Level 2.0 Short Blades
 + Level 0.1 Armour
 + Level 7.5 Dodging
 + Level 6.3 Stealth
 + Level 17.7 Spellcasting
 + Level 14.7 Conjurations
 + Level 3.1 Hexes
 + Level 8.9 Translocations


You had 33 spell levels left.
You knew the following spells:

 Your Spells              Type           Power        Failure   Level
a - Magic Dart            Conj           100%         0%          1
b - Searing Ray           Conj           100%         0%          2
c - Iskenderun's Mystic   Conj/Tloc      76%          1%          4
d - Dazzling Flash        Conj/Hex       100%         1%          3
e - Fulminant Prism       Conj/Hex       33%          1%          4

Your spell library contained the following spells:

 Spells                   Type           Power        Failure   Level
 Sandblast                Erth           50%          1%          1
 Passwall                 Tmut/Erth      20%          1%          2
 Confusing Touch          Hex            44%          1%          3
 Gell's Gravitas          Tloc           33%          1%          3
 Mephitic Cloud           Conj/Pois/Air  52%          1%          3
 Ozocubu's Armour         Ice            25%          1%          3
 Stone Arrow              Conj/Erth      100%         1%          3
 Hailstorm                Conj/Ice       62%          1%          4
 Ice Form                 Ice/Tmut       25%          7%          4
 Petrify                  Tmut/Erth      25%          7%          4
 Metabolic Englaciation   Hex/Ice        17%          10%         5
 Yara's Violent Unravell  Hex/Tmut       17%          10%         5
 Lee's Rapid Deconstruct  Erth           12%          19%         5
 Eringya's Noxious Bog    Tmut/Pois      12%          67%         6
 Absolute Zero            Ice            12%          100%        9


Dungeon Overview and Level Annotations

Branches:
Dungeon (10/15)            Temple (1/1) D:7            Lair (6/6) D:10
  Swamp (0/4) Lair:3        Snake (0/4) Lair:4        Slime (0/5) Lair:5
  IceCv (1/1)
    Orc: D:9-12

Altars:
Ashenzari
Dithmenos
Elyvilon
Fedhas
Gozag
Hepliaklqana
Kikubaaqudgha
Okawaru
Qazlal
Sif Muna
Uskayaw
Vehumet
Wu Jian
Xom
Yredelemnul
Zin
The Shining One
Jiyva

Annotations:
D:6 1 runed translucent door, Sverke's ghost, novice GrFi
Lair:3 exclusion: oklob plant


Message History

The reaper slams into the ice covered rock wall!
Casting: Iskenderun's Mystic Blast (safe; 1% risk of failure)
Confirm with . or Enter, or press ? or * to list all spells.
Aiming: Searing Ray (safe; 0% risk of failure)
Press: ? - help, Shift-Dir - straight line, f - reaper
Aim: a reaper, wielding a +3 scythe of freezing (moderately wounded, 17% to evade)
The searing ray hits the reaper.
The reaper is moderately wounded. (Press . to maintain the ray.)
The reaper hits you from afar with a +3 scythe of freezing!
The reaper freezes you.
The searing ray hits the reaper.
The reaper is moderately wounded.
The searing ray hits the reaper.
The reaper is moderately wounded.
The reaper hits you from afar with a +3 scythe of freezing!!!
Ouch! That really hurt!
* * * LOW HITPOINT WARNING * * *
The reaper freezes you!
You die...

.........###
######≈.§### #....#.###
####≈.§§°☼○## ##..####
###...°☼○☼○§§§# ##..#
###....##§§.§§§§..#
#..##
##.....##§§####°§☼§.☼#
..##
#....#........#.°§☼§☼☼#
...##
#....###......##..§.°§☼
#...##
#......##......##§§.§.§
##...# ##......@..#..§
§○.... ##...#
##...###..#..## ..§..
#...## ##### .2# #...##
..# .....## ... ..∩...#
.... ......# #.###
..∩..## .. #...##


You could see a reaper.

Vanquished Creatures
  A boulder beetle (Lair:6)
  A catoblepas (Lair:4)
  2 hydras
  A two-headed ogre (D:10)
  Erica (Lair:2)
  A death yak (Lair:4)
  The ghost of Doot the Martial Artist, a novice OpTm of Sif Muna (D:7)
  A centaur zombie (D:8)
  3 black mambas (Lair:5)
  2 ice statues (IceCv)
  10 cane toads
  2 rime drakes (Lair:5)
  3 komodo dragons
  7 ice devils (IceCv)
  A troll (D:9)
  A polar bear (Lair:3)
  22 blink frogs
  4 wyverns
  44 yaks
  2 basilisks
  4 nagas (Lair:4)
  12 water moccasins
  A sky beast (D:6)
  An ice beast (D:8)
  6 black bears
  A phantom (D:8)
  2 orc warriors
  3 ogres
  16 wolves
  4 centaurs
  3 big kobolds
  15 bullfrogs
  Blork the orc (D:4)
  A wyvern zombie (D:9)
  4 scorpions
  A water moccasin skeleton (D:9)
  5 killer bees (D:10)
  4 wights (D:7)
  An electric eel (Lair:1)
  A howler monkey (D:7)
  A bullfrog zombie (D:9)
  A bullfrog skeleton (D:9)
  2 hounds (D:5)
  5 orc wizards
  6 orc priests
  A centaur skeleton (D:6)
  5 iguanas
  3 jellies
  13 hell rats
  6 worker ants
  A hound zombie (D:7)
  A howler monkey zombie (D:6)
  A worker ant zombie (D:7)
  3 gnolls (D:6)
  9 adders
  4 shadow imps
  10 white imps
  3 ufetubi (IceCv)
  An ooze (D:7)
  An adder skeleton (D:4)
  4 worms
  3 dart slugs
  5 leopard geckos
  31 orcs
  3 bats
  7 giant cockroaches
  4 goblins
  9 hobgoblins
  12 jackals
  22 kobolds
  3 quokkas
  A ball python skeleton (D:4)
  4 frilled lizards
  A leopard gecko skeleton (D:5)
  2 quokka skeletons
  6 rats
390 creatures vanquished.

Vanquished Creatures (others)
  6 white imps (IceCv)
  An ufetubus (IceCv)
  6 fulminant prisms
  23 fungi
  69 plants
105 creatures vanquished.

Grand Total: 495 creatures vanquished

Notes
Turn   | Place    | Note
-------+----------+-------------------------------------------
     0 | D:1      | Almogavar the Deep Elf Conjurer began the quest for the
                  | Orb.
     0 | D:1      | Reached XP level 1. HP: 10/10 MP: 6/6
   299 | D:1      | Reached XP level 2. HP: 15/15 MP: 6/8
   302 | D:1      | Learned a level 2 spell: Searing Ray
   428 | D:1      | Reached skill level 5 in Conjurations
   933 | D:2      | Reached XP level 3. HP: 19/19 MP: 7/10
  1411 | D:2      | Found an iron altar of Okawaru.
  1900 | D:3      | Reached XP level 4. HP: 24/24 MP: 7/11
  1971 | D:3      | Found a radiant altar of Vehumet.
  2016 | D:3      | Reached skill level 4 in Spellcasting
  2658 | D:3      | Reached XP level 5. HP: 14/28 MP: 4/13
  2659 | D:3      | Reached skill level 5 in Spellcasting
  2839 | D:3      | Found a stormy altar of Qazlal.
  2934 | D:3      | Learned a level 4 spell: Iskenderun's Mystic Blast
  3526 | D:4      | Reached XP level 6. HP: 32/32 MP: 10/16
  3627 | D:4      | Noticed Blork the orc
  3631 | D:4      | Killed Blork the orc
  3632 | D:4      | Reached skill level 6 in Spellcasting
  3891 | D:4      | Found a hide-covered altar of Uskayaw.
  4076 | D:5      | Entered Level 5 of the Dungeon
  4234 | D:5      | Reached XP level 7. HP: 36/36 MP: 12/19
  4323 | D:5      | Reached skill level 7 in Spellcasting
  4323 | D:5      | Reached skill level 1 in Translocations
  5353 | D:6      | Reached XP level 8. HP: 41/41 MP: 17/21
  5355 | D:6      | Reached skill level 8 in Spellcasting
  5974 | D:6      | Found a runed translucent door.
  5975 | D:6      | Found a shimmering altar of Xom.
  5975 | D:6      | Noticed Sverke's ghost (novice GrFi)
  5975 | D:6      | Noticed a +1 quarterstaff of chaos
  6161 | D:7      | Reached skill level 9 in Spellcasting
  6398 | D:7      | Got a spiked plate armour
  6409 | D:7      | Identified the +1 plate armour "Uhahoss" {rElec} (You found
                  | it on level 7 of the Dungeon)
  6432 | D:7      | Found a white marble altar of Elyvilon.
  6674 | D:7      | Found a hazy altar of Hepliaklqana.
  6722 | D:7      | Found a runed translucent gate.
  6722 | D:7      | Found a runed translucent gate.
  6722 | D:7      | Found a runed translucent gate.
  6723 | D:7      | Noticed Doot's ghost (novice OpTm)
  6744 | D:7      | Killed Doot's ghost
  6745 | D:7      | Reached skill level 5 in Stealth
  6745 | D:7      | Reached XP level 9. HP: 36/45 MP: 16/24
  6830 | D:7      | Found an ornate altar of the Wu Jian Council.
  7053 | D:7      | Found a staircase to the Ecumenical Temple.
  7063 | Temple   | Entered the Ecumenical Temple
  7068 | Temple   | Became a worshipper of Sif Muna the Loreminder
  7078 | D:7      | Reached skill level 10 in Spellcasting
  7826 | D:8      | Reached skill level 11 in Spellcasting
  7826 | D:8      | Reached skill level 5 in Translocations
  8235 | D:8      | Found a blossoming altar of Fedhas.
  8284 | D:8      | Reached skill level 10 in Conjurations
  8349 | D:8      | Found an opulent altar of Gozag.
  8518 | D:9      | Got a pair of jewelled boots
  8524 | D:9      | Identified the +4 pair of boots of Vibraewo {+Inv rN+} (You
                  | found it on level 9 of the Dungeon)
  8655 | D:8      | Reached * piety under Sif Muna
  8951 | D:9      | Noticed a troll
  8954 | D:9      | Killed a troll
  8955 | D:9      | Reached XP level 10. HP: 51/51 MP: 18/27
  9007 | D:9      | Found a shimmering blue altar of Sif Muna.
  9277 | D:9      | Reached skill level 12 in Spellcasting
  9511 | D:9      | Found a shadowy altar of Dithmenos.
  9691 | D:9      | Found a glowing golden altar of the Shining One.
  9691 | D:9      | Found a basalt altar of Yredelemnul.
  9691 | D:9      | Found a glowing silver altar of Zin.
 10033 | D:10     | Entered Level 10 of the Dungeon
 10049 | D:10     | Reached skill level 1 in Short Blades
 10335 | D:10     | Found a staircase to the Lair.
 10348 | D:10     | Reached ** piety under Sif Muna
 11187 | D:10     | Noticed a two-headed ogre
 11193 | D:10     | Killed a two-headed ogre
 11194 | D:10     | Reached skill level 13 in Spellcasting
 11373 | D:10     | Learned a level 3 spell: Dazzling Flash
 11395 | Lair:1   | Entered Level 1 of the Lair of Beasts
 11432 | Lair:1   | Learned a level 4 spell: Fulminant Prism
 11440 | Lair:1   | Reached skill level 1 in Fighting
 11706 | Lair:1   | Reached XP level 11. HP: 56/56 MP: 23/30
 12871 | Lair:2   | Reached skill level 14 in Spellcasting
 12971 | Lair:2   | Noticed Erica
 12979 | Lair:2   | Killed Erica
 13412 | Lair:2   | Reached *** piety under Sif Muna
 13553 | Lair:2   | Reached skill level 5 in Dodging
 14071 | Lair:3   | Found a staircase to the Swamp.
 14370 | Lair:3   | Noticed a four-headed hydra
 14380 | Lair:3   | Killed a four-headed hydra
 14531 | Lair:3   | Noticed an oklob plant
 15138 | Lair:3   | Reached skill level 15 in Spellcasting
 16015 | Lair:3   | Reached XP level 12. HP: 60/60 MP: 29/33
 16219 | Lair:4   | Noticed a six-headed hydra
 16227 | Lair:4   | Killed a six-headed hydra
 16381 | Lair:4   | Noticed a catoblepas
 16383 | Lair:4   | Noticed a death yak
 16953 | Lair:4   | Reached skill level 16 in Spellcasting
 17062 | Lair:4   | Found a staircase to the Snake Pit.
 17308 | Lair:4   | Reached **** piety under Sif Muna
 18118 | Lair:4   | Killed a catoblepas
 18665 | Lair:4   | Killed a death yak
 19353 | Lair:5   | Reached skill level 17 in Spellcasting
 19610 | Lair:5   | Found a viscous altar of Jiyva.
 19611 | Lair:5   | Found a staircase to the Slime Pits.
 19972 | Lair:5   | Reached XP level 13. HP: 64/65 MP: 22/36
 20582 | Lair:6   | Entered Level 6 of the Lair of Beasts
 21182 | Lair:6   | Found a frozen archway.
 21186 | Lair:6   | Found an ancient bone altar of Kikubaaqudgha.
 21191 | IceCv    | Entered an ice cave
 21228 | IceCv    | Reached ***** piety under Sif Muna
 22802 | IceCv    | Identified Sif Muna's Handbook of the Toxic Glacier (Sif
                  | Muna gifted it to you in an ice cave)
 22802 | IceCv    | Received a gift from Sif Muna
 23531 | IceCv    | Noticed a reaper
 23536 | IceCv    | Slain by a reaper

Illustrated notes

Levels and vault maps discovered:
D:1:      minmay_arrival_hallway, layout_rooms
D:2:      layout_loops_cross, okawaru_trees_2
D:3:      layout_loops_ring, fiery_altar_vehumet, general_overflow_altar
D:4:      layout_basic, eat_drink_and_be_merry_uskayaw, uniq_blork_the_orc
D:5:      layout_basic
D:6:      layout_rooms, ebering_ghost_xom
D:7:      layout_basic, nzn_wu_jian_contemplation, marbit_many_paths,
          elyvilon_altar_1, minmay_temple_entry_drinking_statues,
          ebering_ghost_rock_garden
D:8:      layout_basic, lemuel_crystal_altar, kennysheep_mini
D:9:      layout_cave_pools, gammafunk_temple_overflow_claw, serial_rivers,
          chequers_serial_rivers_micro_d, chequers_serial_rivers_large_a,
          chequers_serial_rivers_micro_c, chequers_serial_rivers_small_a,
          chequers_serial_rivers_large_b, chequers_serial_rivers_small_a,
          basic_altar, nicolae_dithmenos_through_a_glass_darkly
D:10:     layout_loops_cross, lair_entry_dummy
Temple:   compressed_dpeg_circular_temple
Lair:1:   layout_regular_city, serial_bayou, serial_bayou_shore_b,
          serial_bayou_ford_a, serial_bayou_lake_a, serial_bayou_lagoon_b,
          serial_bayou_pond_b
Lair:2:   layout_hall_layers, beast_lair_carwin_1, uniq_erica
Lair:3:   layout_cave_pods, swamp_mist_pool, minmay_lair_oklob_items,
          serial_bayou_pond_a, lemuel_fruit_tree
Lair:4:   layout_loops_ring, guppyfry_snake_entry_island,
          nicolae_lair_yak_garden
Lair:5:   layout_regular_city, slime_altar_1, grunt_megastairs_3
Lair:6:   wormcave, layout_hall_layers, hangedman_lair_caniforms_friends,
          portal_ice_cave_entry_pillars_1, basic_altar, dpeg_oklob_1
IceCv:    ice_cave_small_demon

Skill      XL: |  1  2  3  4  5  6  7  8  9 10 11 12 13 |
---------------+----------------------------------------+-----
Conjurations   | 5 6 7 8 9 10 11 13 14 | 14.7
Spellcasting   | 4 5 6 7 9 11 13 15 17 | 17.7
Stealth        | 3 4 5 6 |  6.3
Translocations | 2 4 6 7 8 |  8.9
Dodging        | 3 4 5 6 7 |  7.5
Short Blades   | 1 2 |  2.0
Fighting       | 1 |  1.8
Hexes          | 2 3 |  3.1
Armour         | |  0.1

Action                   |  1- 3 |  4- 6 |  7- 9 | 10-12 | 13-15 || total
-------------------------+-------+-------+-------+-------+-------++-------
Melee: Dagger            |       |     6 |     5 |    18 |     1 ||    30
 Cast: Magic Dart        |    56 |    38 |    93 |   146 |    26 ||   359
       Searing Ray       |    10 |    26 |    70 |   157 |    44 ||   307
       Iskenderun's Myst |       |       |     7 |    65 |    26 ||    98
       Fulminant Prism   |       |       |       |     5 |     1 ||     6
  Use: Scroll            |     5 |     5 |     3 |     8 |       ||    21
       Potion            |       |       |       |       |     2 ||     2
 Stab: Sleeping          |       |     2 |       |     1 |       ||     3
Armor: Robe              |     2 |       |     8 |    30 |     8 ||    48
Dodge: Dodged            |     3 |     5 |    46 |   169 |    74 ||   297
